 Dungeon Crawl Stone Soup version 0.23-a0-405-g368ce00 (webtiles) character file.

364 MisterFreud the Ruffian (level 6, -1/59 HPs)
             Began as a Troll Monk on Nov 6, 2018.
             Shot with an arrow by a centaur (8 damage)
             ... on level 4 of the Dungeon.
             The game lasted 00:04:16 (1931 turns).

MisterFreud the Ruffian (Troll Monk)                Turns: 1931, Time: 00:04:16

Health: -1/59      AC:  6    Str: 22    XL:     6   Next: 39%
Magic:  5/5        EV: 10    Int:  6    God:
Gold:   233        SH:  0    Dex: 12    Spells: 5/5 levels left

rFire    . . .     SeeInvis .     - Unarmed
rCold    . . .     Gourm    +   (no shield)
rNeg     . . .     Faith    .   o - +1 robe {MR+}
rPois    .         Spirit   .   (helmet restricted)
rElec    .         Reflect  .   (no cloak)
rCorr    .         Harm     +   (gloves unavailable)
MR       +....                  (boots unavailable)
Stlth    ++........             m - amulet of harm
HPRegen  0.59/turn              (no ring)
MPRegen  0.09/turn              (no ring)

@: lethally poisoned (-1 -> -1)
A: large, unfitting armour, claws 3, fast metabolism 3, gourmand, regeneration
1, shaggy fur 1, tough skin 2
a: no special abilities


You were on level 4 of the Dungeon.
You were completely stuffed.

You visited 1 branch of the dungeon, and saw 4 of its levels.

You collected 233 gold pieces.

Inventory:

Missiles
 f - 127 stones (quivered)
 n - 3 tomahawks
Armour
 o - a +1 robe of magic resistance (worn)
Jewellery
 e - an uncursed ring of stealth {unknown}
 m - an amulet of harm (around neck)
Scrolls
 c - 2 scrolls of enchant armour
Potions
 a - 3 potions of might {unknown}
 d - a potion of heal wounds {unknown}
 g - 3 potions of invisibility {unknown}
 h - a potion of agility {unknown}
 i - a potion of curing {unknown}
 k - a potion of berserk rage {unknown}
 l - a potion of brilliance {unknown}
Comestibles
 b - 9 rations
 p - 4 chunks of flesh


   Skills:
 - Level 2.4 Fighting
 - Level 2.4 Dodging
 - Level 1.0 Stealth
 + Level 7.3 Unarmed Combat


You had 5 spell levels left.
You didn't know any spells.
Your spell library was empty.

Dungeon Overview and Level Annotations

Branches:
Dungeon (4/15)
 Temple: D:4-7

Altars:
Fedhas


Innate Abilities, Weirdness & Mutations

You are too large for most types of armour.
You have claws for hands.
Your metabolism is lightning-fast.
You like to eat raw meat.
Your natural rate of healing is unusually fast.
You are covered in fur. (AC +1)
You have very tough skin. (AC +2)


Message History

You are poisoned.
The worker ant poisons you!
Things that are here:
a jackal corpse; a howler monkey corpse; a jackal corpse You claw the worker ant!
The worker ant is severely wounded.
You feel sick. The worker ant barely misses you.
You claw the worker ant!
You kill the worker ant!
You feel sick.
A centaur comes into view.
You feel sick.
The centaur shouts!
The centaur wields a +0 shortbow.
The centaur shoots an arrow.
The arrow hits you.
You see here an arrow.
The centaur shoots an arrow.
The arrow hits you!
* * * LOW HITPOINT WARNING * * *
You feel sick.
The centaur shoots an arrow.
The arrow hits you!
You die...

♣♣...♣♣
##♣♣♣♣♣.....♣♣♣
#...|..o)..[... .#
###.###.#.##### ...
#.# #†#.####.
##.#######.#
#.#...c..
#...#....(##
#(....#
#.......####.....#
...#...###..@.....#
##....##........#
#....####......#
###.....#......#
#.......#....###
#...#.###....#
##..#....#..#.#
#..##....#..#.#
#.##.#####.#..


You could see a centaur and an orc wizard.

Vanquished Creatures
  Sigmund (D:2)
  A howler monkey (D:4)
  An orc priest (D:4)
  An orc wizard (D:3)
  A worker ant (D:4)
  An adder (D:3)
  An ooze (D:2)
  A worm (D:3)
  A dart slug (D:1)
  2 leopard geckos
  6 orcs
  8 bats
  4 giant cockroaches
  8 hobgoblins
  5 jackals
  2 quokkas (D:3)
  5 frilled lizards
  5 goblins
  9 kobolds
  4 rats
67 creatures vanquished.

Notes
Turn   | Place    | Note
-------+----------+-------------------------------------------
     0 | D:1      | MisterFreud the Troll Monk began the quest for the Orb.
     0 | D:1      | Reached XP level 1. HP: 22/22 MP: 0/0
   202 | D:1      | Reached XP level 2. HP: 29/29 MP: 1/1
   494 | D:1      | Reached skill level 4 in Unarmed Combat
   816 | D:2      | Reached XP level 3. HP: 36/36 MP: 2/2
   964 | D:2      | Noticed Sigmund
   983 | D:2      | Killed Sigmund
   983 | D:2      | Reached skill level 6 in Unarmed Combat
   983 | D:2      | Reached XP level 4. HP: 12/44 MP: 3/3
   983 | D:2      | Reached XP level 5. HP: 13/50 MP: 4/4
  1810 | D:3      | Reached XP level 6. HP: 56/59 MP: 5/5
  1910 | D:4      | Found a blossoming altar of Fedhas.
  1919 | D:4      | Reached skill level 7 in Unarmed Combat
  1931 | D:4      | Shot with an arrow by a centaur

Vault maps used:
D:1:      nzn_arrival_depleted_hourglass
D:2:      uniq_sigmund
D:4:      fedhas_altar_fruit_tree, first_ration, hangedman_decor_push

Skill      XL: |  1  2  3  4  5  6 |
---------------+-------------------+-----
Unarmed Combat | 4 6 7 |  7.3
Fighting       | |  2.4
Dodging        | |  2.4
Stealth        | |  1.0

Action                   |  1- 3 |  4- 6 || total
-------------------------+-------+-------++-------
Melee: Unarmed           |    98 |    60 ||   158
       Punch             |     1 |     1 ||     2
  Use: Scroll            |     1 |     5 ||     6
 Stab: Sleeping          |     2 |     1 ||     3
  Eat: Chunk             |    13 |    10 ||    23
Armor: Robe              |    58 |    14 ||    72
Dodge: Dodged            |    77 |    28 ||   105

Table legend:
 A = Non-vault XP
 B = Vault XP
 C = Vault XP percentage of total XP
 D = Non-vault monster count
 E = Vault monster count
 F = Vault count percentage of total count
                 A         B        C        D         E       F
            +---------+---------+-------+---------+---------+-------
      Total |     300 |     220 |  42.3 |      66 |       1 |   1.5
            +---------+---------+-------+---------+---------+-------
        D:1 |      37 |       0 |   0.0 |      22 |       0 |   0.0
        D:2 |      34 |     220 |  86.6 |      17 |       1 |   5.6
        D:3 |      93 |       0 |   0.0 |      20 |       0 |   0.0
        D:4 |     136 |       0 |   0.0 |       7 |       0 |   0.0
            +---------+---------+-------+---------+---------+-------
